 Dungeon Crawl Stone Soup version 0.27-a0-1193-g8631133539 (webtiles) character file.

Game seed: 4838791553967153597

1584 Delamore the Basher (level 8, -1/49 HPs)
             Began as a Gargoyle Fighter on May 26, 2021.
             Was a Follower of Okawaru.
             Slain by a gnoll sergeant
             ... wielding a +0 spear
              (10 damage)
             ... on level 6 of the Dungeon.
             The game lasted 00:06:19 (7246 turns).

Delamore the Basher (Gargoyle Fighter)              Turns: 7246, Time: 00:06:20

Health: -1/49      AC: 12    Str: 21    XL:     8   Next: 92%
Magic:  17/17      EV:  9    Int: 10    God:    Okawaru [*.....]
Gold:   341        SH:  9    Dex:  9    Spells: 7/7 levels left

rFire    . . .     SeeInvis .   a - +0 flail
rCold    . . .     Faith    .   i - +0 buckler
rNeg     + . .     Spirit   .   b - +0 scale mail
rPois    ∞         Reflect  +   (no helmet)
rElec    +         Harm     .   (no cloak)
rCorr    +         Rampage  .   (no gloves)
Will     .....                  (no boots)
Stlth    ..........             A - amulet of reflection
HPRegen  0.16/turn              y - ring of resist corrosion
MPRegen  0.15/turn              w - ring of magical power

@: no status effects
A: sickness immunity, AC +5, negative energy resistance 1, electricity
resistance, torment resistance 1, petrification resistance
a: Renounce Religion, Heroism


You were on level 6 of the Dungeon.
You worshipped Okawaru.
Okawaru was aware of your devotion.
You visited 2 branches of the dungeon, and saw 7 of its levels.
You also visited: Sewer.

You collected 341 gold pieces.

Inventory:

Hand Weapons
 a - a +0 flail (weapon)
Missiles
 h - 14 boomerangs (quivered)
Armour
 b - a +0 scale mail (worn)
 c - a +0 kite shield
 i - a +0 buckler (worn)
Jewellery
 w - a ring of magical power (right hand)
 y - a ring of resist corrosion (left hand)
 A - an amulet of reflection (around neck)
Wands
 o - a wand of iceblast (12)
 v - a wand of digging (9)
 x - a wand of polymorph (6)
 B - a wand of paralysis (11)
Scrolls
 e - 4 scrolls of teleportation
 l - a scroll of amnesia
 m - a scroll of blinking
 p - a scroll of fog {unknown}
 q - 2 scrolls of magic mapping
 s - a scroll of fear {unknown}
 F - a scroll of identify
Potions
 d - 3 potions of might
 f - a potion of haste
 g - 2 potions of flight
 j - 2 potions of curing
 k - a potion of mutation
 n - 3 potions of resistance {unknown}
 t - a potion of brilliance {unknown}
 z - a potion of heal wounds {unknown}
 C - a potion of degeneration {unknown}
 E - a potion of experience {unknown}


   Skills:
 - Level 5.0 Fighting
 * Level 10.3 Maces & Flails
 - Level 3.2 Armour
 - Level 4.0 Shields


You had 7 spell levels left.
You didn't know any spells.
Your spell library contained the following spells:

 Spells                   Type           Power      Damage    Failure   Level
 Animate Skeleton         Necr           0%         N/A       71%         1
 Apportation              Tloc           0%         N/A       71%         1
 Corona                   Hex            0%         N/A       71%         1
 Summon Small Mammal      Summ           0%         N/A       71%         1
 Call Imp                 Summ           0%         N/A       83%         2
 Call Canine Familiar     Summ           0%         N/A       97%         3
 Summon Guardian Golem    Hex/Summ       0%         N/A       97%         3
 Summon Ice Beast         Ice/Summ       0%         N/A       100%        4
 Summon Lightning Spire   Summ/Air       0%         N/A       100%        4


Dungeon Overview and Level Annotations

Branches:
Dungeon (6/15)             Temple (1/1) D:4           Sewer (visited)

Altars:
Ashenzari
Cheibriados
Dithmenos
Elyvilon
Fedhas
Gozag
Makhleb
Nemelex Xobeh
Okawaru
Qazlal
Ru
Trog
Wu Jian
Xom
Yredelemnul


Innate Abilities, Weirdness & Mutations

You are immune to sickness and miasma.
Your stone body is resilient. (AC +5)
You are immune to poison.
You resist negative energy. (rN+)
You are resistant to electric shocks. (rElec)
You are resistant to unholy torment.
You are immune to petrification.


Message History

Throw: 4 javelins (silver)
Press: ? - help, Q - select action, (/) - cycle Shift-Dir - straight line, f/p - gnoll
Aim: a gnoll, wielding a +1 vorpal flail (60% to hit)
You throw a silver javelin.
The silver javelin pierces through the gnoll sergeant.
The gnoll sergeant is severely wounded.
The silver javelin pierces through the gnoll!
The gnoll is severely wounded.
You block the gnoll sergeant's attack.
The gnoll sergeant hits you from afar with a +0 spear.
Throw: 3 javelins (silver)
Press: ? - help, Q - select action, (/) - cycle Shift-Dir - straight line, f/p - gnoll
Aim: a gnoll, wielding a +1 vorpal flail (severely wounded, 60% to hit)
You throw a silver javelin.
The silver javelin pierces through the gnoll sergeant but does no damage.
The gnoll sergeant is severely wounded.
The silver javelin pierces through the gnoll.
You kill the gnoll!
Okawaru accepts your kill.
The gnoll sergeant hits you from afar with a +0 spear.
Throw: 2 javelins (silver)
Press: ? - help, Q - select action, (/) - cycle Shift-Dir - straight line, f - gnoll sergeant
Aim: a gnoll sergeant, wielding a +0 spear, wearing a +0 ring mail and wearing a +0 kite shield (severely wounded, 68% to hit)
You throw a silver javelin.
The silver javelin pierces through the gnoll sergeant.
The gnoll sergeant is severely wounded.
The silver javelin pierces through the gnoll!
The gnoll is severely wounded.
The gnoll sergeant hits you from afar with a +0 spear! x2
* * * LOW HITPOINT WARNING * * *
Throw: javelin (silver)
Press: ? - help, Q - select action, (/) - cycle Shift-Dir - straight line, f/p - gnoll sergeant
Aim: a gnoll sergeant, wielding a +0 spear, wearing a +0 ring mail and wearing a +0 kite shield (severely wounded, 68% to hit)
You throw a silver javelin.
The silver javelin barely misses the gnoll sergeant.
The silver javelin pierces through the gnoll.
You kill the gnoll!
Okawaru accepts your kill.
The gnoll sergeant hits you from afar with a +0 spear!
You die...

#........##.#####......##.#
#...<....##....##.##..###.#
#...>....#####.......####.#
#........# ###........#.##
#######..# ####.....#..# ##
##.## #.##.###.# .##### #..##
#.##.....#
.....####..########.#####..###
)###............@.gg...(.....#
.# #########...####)######.####
## ###.####.###..<....# ######
#......g.g.g.(...#
.....#########................#
####.........#................#
#########..............>...#
##.................#
##................#


You could see a gnoll sergeant and a gnoll.

Vanquished Creatures
  Eustachio (D:5)
  A water moccasin (D:5)
  2 sky beasts (D:5)
  2 centaurs (D:6)
  2 kobold brigands (Sewer)
  4 scorpions
  2 water moccasin skeletons
  A jelly (D:5)
  A bullfrog zombie (D:5)
  A hound (D:6)
  2 bullfrog skeletons (D:6)
  Jessica (D:2)
  Terence (D:2)
  A scorpion zombie (D:5)
  An iguana (D:6)
  5 gnolls
  A river rat (Sewer)
  10 adders
  A shadow imp (D:6)
  An adder skeleton (D:4)
  6 worms
  5 dart slugs
  8 orcs
  10 endoplasms
  4 giant cockroaches
  10 goblins
  5 hobgoblins
  4 jackals (D:4)
  7 kobolds
  3 quokkas
  14 ball pythons
  4 bats
  3 frilled lizards
  8 rats
132 creatures vanquished.

Notes
Turn   | Place    | Note
-------+----------+-------------------------------------------
     0 | D:1      | Delamore the Gargoyle Fighter began the quest for the Orb.
     0 | D:1      | Reached XP level 1. HP: 14/14 MP: 1/1
   340 | D:1      | Reached XP level 2. HP: 19/19 MP: 2/2
   620 | D:1      | Reached skill level 3 in Maces & Flails
   686 | D:1      | Reached XP level 3. HP: 23/24 MP: 3/3
  1247 | D:2      | Noticed Terence
  1249 | D:2      | Reached XP level 4. HP: 16/29 MP: 4/4
  1385 | D:2      | Noticed Jessica
  1580 | D:2      | Killed Terence
  1655 | D:2      | Killed Jessica
  1656 | D:2      | Reached skill level 4 in Maces & Flails
  1656 | D:2      | Reached XP level 5. HP: 33/33 MP: 5/5
  2192 | D:3      | Found a glowing drain.
  2368 | Sewer    | Entered a sewer
  2934 | Sewer    | Reached XP level 6. HP: 34/39 MP: 6/6
  3016 | Sewer    | Reached skill level 5 in Maces & Flails
  3148 | Sewer    | Reached skill level 5 in Fighting
  3328 | D:3      | Found a sacrificial altar of Ru.
  4111 | D:4      | Reached skill level 6 in Maces & Flails
  4111 | D:4      | Reached XP level 7. HP: 38/44 MP: 7/7
  4442 | D:4      | Found a staircase to the Ecumenical Temple.
  4454 | Temple   | Entered the Ecumenical Temple
  4514 | Temple   | Became a worshipper of Warmaster Okawaru
  4879 | D:4      | Found an opulent altar of Gozag.
  5124 | D:5      | Entered Level 5 of the Dungeon
  5142 | D:5      | Noticed Eustachio
  5163 | D:5      | Killed Eustachio
  5164 | D:5      | Reached skill level 7 in Maces & Flails
  5489 | D:5      | Reached skill level 8 in Maces & Flails
  5489 | D:5      | Reached XP level 8. HP: 31/49 MP: 8/8
  5495 | D:5      | Reached * piety under Okawaru
  5662 | D:5      | Reached skill level 9 in Maces & Flails
  6734 | D:6      | Reached skill level 10 in Maces & Flails
  7072 | D:6      | Identified the +2 robe of the Lute {Rampage Will+ Str-5
                  | Stlth+}
  7246 | D:6      | Slain by a gnoll sergeant

Illustrated notes

Levels and vault maps discovered:
D:1:      dpeg_arrival_castle, layout_basic, minmay_worlds_worst_comb
D:2:      minmay_razor_zed, layout_rooms, uniq_terence, uniq_jessica
D:3:      layout_basic, hangedman_ru_absence, cheibrodos_sewer_entry_drain
D:4:      layout_gridville, lemuel_tele_altar, minmay_temple_entry_crystal_x
D:5:      layout_cave_pools, uniq_eustachio
D:6:      layout_rooms, minmay_misc_feat_x
Temple:   dshaligram_water_room_temple

Skill      XL: |  1  2  3  4  5  6  7  8 |
---------------+-------------------------+-----
Maces & Flails | 3 4 6 8 10 | 10.3
Fighting       | 4 5 |  5.0
Shields        | 4 |  4.0
Armour         | |  3.2

Action                   |  1- 3 |  4- 6 |  7- 9 || total
-------------------------+-------+-------+-------++-------
Melee: Flail             |   112 |   265 |   261 ||   638
Throw: Boomerang         |       |    12 |     8 ||    20
       Javelin           |       |       |     8 ||     8
       Dart              |       |       |     2 ||     2
  Use: Scroll            |       |     3 |     7 ||    10
Armor: Scale mail        |    62 |   123 |   181 ||   366
Dodge: Dodged            |    56 |   106 |   145 ||   307
Block: Kite shield       |    42 |       |       ||    42
       Buckler           |    12 |    47 |   104 ||   163
       Reflection        |       |       |     5 ||     5

Table legend: (Time is in decaauts)
 A = Elapsed time spent in this place.
 B = Non-inter-level travel time spent in this place.
 C = Inter-level travel time spent in this place.
 D = Time resting spent in this place.
 E = Time spent auto-exploring this place.
 F = Levels seen in this place.
 G = Mean time per level.
                   A        B        C        D        E       F      G
               +--------+--------+--------+--------+--------+-----+--------+
         Total |   7420 |   7110 |    310 |   1109 |   4716 |   8 |  927.5 |
       Dungeon |   6407 |   6113 |    294 |    920 |   4178 |   6 | 1067.8 |
        Temple |     73 |     57 |     16 |      0 |     54 |   1 |   73.0 |
         Sewer |    939 |    939 |      0 |    189 |    484 |   1 |  939.0 |
               +--------+--------+--------+--------+--------+-----+--------+

Top non-repeatable levels by time:
     D:1: 1262 daAuts
     D:4: 1214 daAuts
     D:6: 1091 daAuts
     D:3: 1048 daAuts
     D:2: 973 daAuts
   Sewer: 939 daAuts
     D:5: 816 daAuts
  Temple: 73 daAuts
